 Dungeon Crawl Stone Soup version 0.30-a0-800-g7c544603b3 (webtiles) character file.

Game seed: 4653798373401015870

920 Pimp the Conjurer (level 7, -1/53 (57) HPs)
             Began as a Demonspawn Conjurer on Feb 21, 2023.
             Was an Initiate of Okawaru.
             Slain by a wight
             ... wielding a +6 trident
              (9 damage)
             ... on level 6 of the Dungeon.
             The game lasted 00:13:25 (4570 turns).

Pimp the Conjurer (Demonspawn Conjurer)             Turns: 4570, Time: 00:13:26

HP:   -1/53 (57)    AC: 10    Str:  9    XL:     7   Next: 83%
MP:   12/12         EV: 15    Int: 19    God:    Okawaru [......]
Gold: 144           SH:  4    Dex: 12    Spells: 5/13 levels left

rFire   + . .      SeeInvis .    j - +2 long sword (heavy)
rCold   . . .      Faith    .    l - +0 buckler
rNeg    . . .      Spirit   .    g - +4 ring mail {rF+}
rPois   .          Reflect  .    (no helmet)
rElec   .          Harm     .    (no cloak)
rCorr   .          Rampage  .    (no gloves)
Will    .....      Rage     3%   (no boots)
Stlth   +                        (no amulet)
HPRegen 0.28/turn                s - +5 ring of evasion
MPRegen 0.13/turn                y - +4 ring of slaying

@: drained
A: rugged brown scales 1, foul stench 1, demonic touch 1, berserk 1, robust 1
a: Renounce Religion


You were on level 6 of the Dungeon.
You worshipped Okawaru.
Okawaru was noncommittal.
You visited 2 branches of the dungeon, and saw 7 of its levels.

You collected 305 gold pieces.
You spent 161 gold pieces at shops.

Inventory:

Hand Weapons
 c - a +0 dagger
 e - a +0 falchion
 j - a +2 heavy long sword (weapon)
 v - the +1 dagger of Seckyum {protect, rN+}
   (You bought it in a shop on level 1 of the Dungeon)

   rN:        It protects you from negative energy.
Missiles
 i - 3 poisoned darts
Armour
 a - a +0 robe
 g - a +4 ring mail of fire resistance (worn)
 l - a +0 buckler (worn)
Jewellery
 f - a ring of wizardry
 h - a +6 ring of intelligence
 p - a ring of see invisible
 s - a +5 ring of evasion (left hand)
 y - a +4 ring of slaying (right hand)
 z - a +5 ring of evasion
Wands
 A - a wand of iceblast (10)
Scrolls
 b - a scroll of amnesia
 d - 3 scrolls of identify
 m - 2 scrolls of fog
 o - a scroll of torment {unknown}
 q - a scroll of fear
 r - a scroll of silence {unknown}
 t - 3 scrolls of magic mapping
 w - a scroll of immolation
 x - a scroll of brand weapon {unknown}
Potions
 k - a potion of lignification {unknown}
 n - 3 potions of mutation
 u - 3 potions of curing


   Skills:
 + Level 2.9 Fighting
 + Level 2.6 Long Blades
 + Level 2.7 Armour
 + Level 3.6 Dodging
 - Level 2.0 Stealth
 + Level 2.6 Shields
 + Level 3.6 Spellcasting
 + Level 5.2 Conjurations


You had 5 spell levels left.
You knew the following spells:

 Your Spells              Type           Power      Damage    Failure   Level
a - Magic Dart            Conj           92%        1d7       6%          1
b - Searing Ray           Conj           46%        2d6       9%          2
c - Dazzling Flash        Conj/Hex       26%        N/A       45%         3
d - Blink                 Tloc           6%         N/A       58%         2

Your spell library contained the following spells:

 Spells                   Type           Power      Damage    Failure   Level
 Mephitic Cloud           Conj/Pois/Air  10%        N/A       58%         3
 Fulminant Prism          Conj/Hex       6%         3d7       86%         4
 Iskenderun's Mystic Bla  Conj/Tloc      13%        2d5       86%         4
 Manifold Assault         Tloc           3%         N/A       99%         4
 Storm Form               Tmut/Air       1%         N/A       100%        7
 Call Imp                 Summ           Unusable   N/A       N/A         2

Dungeon Overview and Level Annotations

Branches:
Dungeon (6/15)             Temple (1/1) D:5

Altars:
Ashenzari
Cheibriados
Dithmenos
Gozag
Hepliaklqana
Nemelex Xobeh
Okawaru
Qazlal
Vehumet

Shops:
D:1 (


Innate Abilities, Weirdness & Mutations

You are partially covered in rugged brown scales. (AC +1, +3% HP)
You may rarely emit foul miasma when damaged in melee.
Your touch may inflict minor irresistible damage on your foes.
You sometimes lose your temper in combat.
You are robust. (+10% HP)


Message History

You hit the wight.
The wight is moderately damaged.
The wight completely misses you. The wight barely misses you.
You closely miss the wight.
The wight is moderately damaged.
The wight closely misses you.
You barely miss the wight.
The wight is moderately damaged.
The wight barely misses you. The wight closely misses you.
You barely miss the wight.
The wight is moderately damaged.
The wight closely misses you. You block the wight's attack.
You slash the wight!
You destroy the wight!
Okawaru accepts your kill. The wight hits you with a +5 war axe.
You feel drained.
The wight hits you from afar with a +6 trident.
You feel drained.
Your life force feels restored.
You hit the wight.
The wight is lightly damaged.
The wight misses you. x2; The wight hits you with a +5 war axe.
The wight closely misses you.
You hit the wight but do no damage.
The wight is lightly damaged.
The wight hits you with a +5 war axe.
The wight hits you from afar with a +6 trident.
You feel drained.
* * * LOW HITPOINT WARNING * * *
The wight hits you with a +5 war axe.
* * * LOW HITPOINT WARNING * * *
You feel drained.
* * * LOW HITPOINT WARNING * * *
You block the wight's attack.
You slash the wight!
You destroy the wight!
Okawaru accepts your kill. The wight hits you but does no damage.
The wight hits you from afar with a +6 trident!
You die...

##### #....
#.... #....
g##.... ......g
.##....#######
......).z)@..###
.###########...#
###.### ...
#...# .. ###.###
.. #####...###.#
#...........#
#.####.###..#
#......#


You could see a wight.

Vanquished Creatures
  A black bear (D:5)
  An ogre (D:5)
  Blork the orc (D:3)
  A necrophage (D:4)
  4 wights (D:6)
  An orc priest (D:4)
  A gnoll bouda (D:6)
  3 hounds
  2 iguanas
  4 orc wizards
  8 gnolls
  4 adders
  A worm (D:3)
  3 dart slugs
  6 orcs
  An endoplasm (D:4)
  2 giant cockroaches (D:4)
  2 goblins
  2 hobgoblins
  2 jackals
  3 kobolds
  A quokka (D:3)
  6 ball pythons
  4 bats
  2 frilled lizards
  2 rats (D:1)
68 creatures vanquished.

Vanquished Creatures (collateral kills)
  An endoplasm (D:2)
1 creature vanquished.

Grand Total: 69 creatures vanquished

Notes
Turn   | Place    | Note
-------+----------+-------------------------------------------
     0 | D:1      | Pimp the Demonspawn Conjurer began the quest for the Orb.
     0 | D:1      | Reached XP level 1. HP: 13/13 MP: 3/3
   463 | D:1      | Found Arao's Antique Weapon Shoppe.
   474 | D:1      | Gained mutation: Your touch may inflict minor irresistible
                  | damage on your foes. [demonic ancestry]
   474 | D:1      | Reached XP level 2. HP: 19/19 MP: 3/5
   770 | D:2      | Learned a level 2 spell: Searing Ray
  1045 | D:3      | Gained mutation: You sometimes lose your temper in combat.
                  | [potion of mutation]
  1045 | D:3      | Gained mutation: You are robust. (+10% HP) [potion of
                  | mutation]
  1128 | D:3      | HP: 1/20 [something/magic dart (6)]
  1135 | D:3      | Gained mutation: You are partially covered in rugged brown
                  | scales. (AC +1, +3% HP) [demonic ancestry]
  1135 | D:3      | Reached XP level 3. HP: 10/28 MP: 1/6
  1138 | D:3      | Reached XP level 4. HP: 18/35 MP: 1/7
  1280 | D:3      | Learned a level 3 spell: Dazzling Flash
  1517 | D:3      | Learned a level 2 spell: Blink
  1810 | D:4      | Noticed Blork the orc
  1821 | D:3      | Reached skill level 1 in Armour
  1863 | D:3      | Killed Blork the orc
  1864 | D:3      | Reached skill level 1 in Fighting
  1864 | D:3      | Reached skill level 1 in Long Blades
  1864 | D:3      | Reached skill level 1 in Shields
  1864 | D:3      | Gained mutation: You may rarely emit foul miasma when
                  | damaged in melee. [demonic ancestry]
  1864 | D:3      | Reached XP level 5. HP: 18/41 MP: 7/9
  2353 | D:4      | Reached XP level 6. HP: 29/49 MP: 10/10
  2735 | D:4      | Identified the +4 ring mail of Wesyitel {rC+ Str+6 Int-5}
  3023 | D:1      | Bought a translucent dagger for 161 gold pieces
  3023 | D:1      | Identified the +1 dagger of Seckyum {protect, rN+} (You
                  | bought it in a shop on level 1 of the Dungeon)
  3194 | D:5      | Entered Level 5 of the Dungeon
  3460 | D:5      | Reached XP level 7. HP: 35/56 MP: 11/11
  3464 | D:5      | Reached skill level 5 in Conjurations
  3610 | D:5      | Found a sparkling altar of Nemelex Xobeh.
  3633 | D:5      | Found a staircase to the Ecumenical Temple.
  3641 | Temple   | Entered the Ecumenical Temple
  3687 | Temple   | Became a worshipper of Warmaster Okawaru
  4570 | D:6      | Slain by a wight

Illustrated notes

Levels and vault maps discovered:
D:1:      dpeg_arrival_castle, layout_rooms, serial_shops, nicolae_shop_crystal
D:2:      layout_rooms
D:3:      layout_rooms, lemuel_round_altar
D:4:      layout_rooms, uniq_blork_the_orc
D:5:      layout_layer_cave, nemelex_xobeh_ov_fountains_minmay,
          minmay_temple_entry_hall
D:6:      layout_basic, mainiacjoe_overflow_brackets
Temple:   nicolae_temple_elliptical

Skill      XL: |  1  2  3  4  5  6  7 |
---------------+----------------------+-----
Dodging        | 2 3 |  3.6
Stealth        | 2 |  2.0
Armour         | 1 2 |  2.7
Fighting       | 1 2 |  2.9
Long Blades    | 1 2 |  2.6
Shields        | 1 2 |  2.6
Spellcasting   | 3 |  3.6
Conjurations   | 5 |  5.2

Action                     |  1- 3 |  4- 6 |  7- 9 || total
---------------------------+-------+-------+-------++-------
  Melee: Falchion          |    59 |     2 |       ||    61
         Dagger            |     8 |       |       ||     8
         Unarmed           |     4 |       |       ||     4
         Long sword        |       |   111 |    33 ||   144
   Cast: Magic Dart        |    11 |     5 |       ||    16
         Searing Ray       |     2 |     6 |     1 ||     9
    Use: Potion            |     7 |       |       ||     7
         Scroll            |     6 |     4 |       ||    10
 Armour: Ring mail         |    53 |   116 |     5 ||   174
         Robe              |     3 |       |       ||     3
  Dodge: Dodged            |    47 |   108 |    30 ||   185
  Block: Buckler           |     5 |    50 |    10 ||    65

Table legend: (Time is in decaauts)
 A = Elapsed time spent in this place.
 B = Non-inter-level travel time spent in this place.
 C = Inter-level travel time spent in this place.
 D = Time resting spent in this place.
 E = Time spent auto-exploring this place.
 F = Levels seen in this place.
 G = Mean time per level.
                   A        B        C        D        E       F      G
               +--------+--------+--------+--------+--------+-----+--------+
         Total |   4780 |   4326 |    454 |    797 |   2462 |   7 |  682.9 |
       Dungeon |   4704 |   4279 |    425 |    797 |   2427 |   6 |  784.0 |
        Temple |     76 |     47 |     29 |      0 |     35 |   1 |   76.0 |
               +--------+--------+--------+--------+--------+-----+--------+

Top non-repeatable levels by time:
     D:5: 1255 daAuts
     D:3: 1195 daAuts
     D:4: 788 daAuts
     D:1: 738 daAuts
     D:2: 637 daAuts
     D:6: 88 daAuts
  Temple: 76 daAuts
